 Dungeon Crawl Stone Soup version 0.32-a0-871-ge202e49faa (webtiles) character file.

Game seed: 3577650481970001846

309 KennySheep the Sneak (level 6, -2/32 HPs)
             Began as a Spriggan Brigand on Mar 30, 2024.
             Was a Believer of Jiyva.
             Slain by an ogre
             ... wielding a +0 giant club
              (24 damage)
             ... on level 4 of the Dungeon.
             The game lasted 00:10:01 (3206 turns).

KennySheep the Sneak (Spriggan Brigand)             Turns: 3206, Time: 00:10:02

Health: -2/32      AC:  3    Str:  7    XL:     6   Next: 17%
Magic:  7/7        EV: 18    Int: 12    God:    Jiyva [**....]
Gold:   99         SH:  0    Dex: 19    Spells: 5/5 levels left

rFire   . . .        r - +3 dagger
rCold   . . .        (no shield)
rNeg    . . .        b - +0 robe
rPois   .            (helmet restricted)
rElec   .            c - +0 cloak
rCorr   +            (gloves unavailable)
SInv    +            (boots unavailable)
Will    +....        (no amulet)
Stlth   ++++         (no ring)
HPRegen 1.21/turn    (no ring)
MPRegen 0.58/turn

%: no passive effects
@: very quick
A: very small, no large weapons, unfitting armour, see invisible, speed 3
a: Renounce Religion


You were on level 4 of the Dungeon.
You worshipped Jiyva.
Jiyva was pleased with you.
You visited 1 branch of the dungeon, and saw 4 of its levels.

You collected 99 gold pieces.

Inventory:

Hand Weapons
 a - a +2 dagger
 r - a +3 dagger (weapon)
Missiles
 d - 12 poisoned darts (quivered)
 e - 3 curare-tipped darts
Armour
 b - a +0 robe (worn)
 c - a +0 cloak (worn)
Jewellery
 o - a ring of magical power
Talismans
 q - a serpent talisman
Scrolls
 h - 2 scrolls of amnesia
 i - a scroll of enchant armour {unknown}
 j - a scroll of teleportation
 k - 2 scrolls of poison
 l - a scroll of enchant weapon
 m - a scroll of fog
Potions
 f - a potion of might
 g - 3 potions of curing
 n - a potion of heal wounds {unknown}
 p - a potion of invisibility {unknown}


   Skills:
 + Level 3.1 Fighting
 - Level 2.1 Short Blades
 - Level 2.0 Throwing
 + Level 4.4 Dodging
 + Level 7.7 Stealth
 * Level 1.1 Unarmed Combat
 * Level 1.7 Shapeshifting


You had 5 spell levels left.
You didn't know any spells.
Your spell library contained the following spells:

 Spells                   Type           Power      Damage    Failure   Level
 Foxfire                  Conj/Fire      0%         2x1d4     32%         1
 Plasma Beam              Fire/Air       0%         2x1d10    100%        6
 Starburst                Conj/Fire      0%         6d3       100%        6


Dungeon Overview and Level Annotations

Branches:
Dungeon (4/15)             Temple (0/1) D:4

Altars:
Jiyva


Innate Abilities, Weirdness & Mutations

You are very small and have problems with some larger weapons.
You are too small for most types of armour.
You have supernaturally acute eyesight. (SInv)
You cover ground extremely quickly. (Speed+++)


Message History

The helpless adder fails to defend itself.
You spit the adder like a pig!!!
You kill the adder!
You see here an adder corpse.
You hear a distant slurping noise.
You hear a distant slurping noise.
Found a stone staircase leading down.
An orc comes into view. It is wielding a +0 hand axe.
An orc is nearby!
An orc is nearby!
The orc shouts!
You hit the orc.
The orc is severely wounded.
The orc completely misses you.
You closely miss the orc.
The orc is severely wounded.
The orc closely misses you.
You hit the orc.
You kill the orc!
Okay, then.
No target in view!
Things that are here:
a +0 hand axe; an orc corpse You hear a slurping noise.
An ogre comes into view. It is wielding a +0 giant club.
The ogre shouts!
The ogre misses you.
You hit the ogre.
The ogre is lightly wounded.
You hit the ogre.
The ogre is moderately wounded.
The ogre hits you with a +0 giant club!
You hit the ogre.
The ogre is heavily wounded.
You barely miss the ogre.
The ogre is heavily wounded.
The ogre hits you with a +0 giant club!!
Ouch! That really hurt!
You die...
Jiyva sends a jelly to digest your remains.

#.#############.......#
#....†...........####.#
#.#############..#..#.# ####'###
#..#..#.# .......# #..#..#.#
.......# #..#..#.# .......#
#..#..#.# ####.###
#########..#..#.########
####.#####......@O..#..#.#.......
#........#.########.#..#.#.######
#........#.# #.....<#....#
#........#.######## #.##.#.#.##.#
#.................. #..#.#.#.##.#
#........#.###########.#J#g#.##.#
.........#J#...........#.#g#.##g#
.....#####.#.###########..gg
###.######


You could see an ogre.

Vanquished Creatures
  A bombardier beetle (D:3)
  A gnoll bouda (D:4)
  Jessica (D:3)
  A sleepcap (D:4)
  Terence (D:2)
  3 gnolls (D:4)
  5 adders
  2 ufetubi (D:3)
  2 dart slugs (D:3)
  6 orcs
  6 bats
  6 endoplasms
  4 giant cockroaches
  7 hobgoblins
  8 jackals
  3 quokkas (D:1)
  4 ball pythons
  4 frilled lizards
  2 goblins
  4 kobolds
  8 rats
79 creatures vanquished.

Vanquished Creatures (others)
  A jelly (D:4)
  2 gnolls (D:4)
  An orc (D:3)
  A hobgoblin (D:4)
  A goblin (D:3)
6 creatures vanquished.

Grand Total: 85 creatures vanquished

Notes
Turn   | Place    | Note
-------+----------+-------------------------------------------
     0 | D:1      | KennySheep the Spriggan Brigand began the quest for the
                  | Orb.
     0 | D:1      | Reached XP level 1. HP: 10/10 MP: 2/2
   146 | D:1      | Reached skill level 6 in Stealth
   190 | D:1      | Reached XP level 2. HP: 15/15 MP: 3/3
   979 | D:2      | Reached XP level 3. HP: 15/18 MP: 4/4
  1377 | D:2      | Noticed Terence
  1381 | D:2      | Killed Terence
  1382 | D:2      | Reached XP level 4. HP: 23/23 MP: 5/5
  1515 | D:3      | Noticed Jessica
  1526 | D:3      | Killed Jessica
  1527 | D:3      | Reached skill level 7 in Stealth
  1600 | D:3      | Reached XP level 5. HP: 28/28 MP: 6/6
  1921 | D:3      | Found a faded altar of an unknown god.
  1984 | D:3      | Prayed at the altar of an unknown god.
  1984 | D:3      | Became a worshipper of Jiyva Joaruept the Shapeless
  1984 | D:3      | Reached * piety under Jiyva
  2798 | D:4      | Reached ** piety under Jiyva
  2812 | D:4      | Found a staircase to the Ecumenical Temple.
  2881 | D:4      | Reached skill level 1 in Shapeshifting
  3050 | D:4      | Reached XP level 6. HP: 32/32 MP: 7/7
  3085 | D:4      | Reached skill level 1 in Unarmed Combat
  3206 | D:4      | Slain by an ogre

Illustrated notes

Levels and vault maps discovered:
D:1:      tarquinn_simple_flora_water_a, layout_loops_corners
D:2:      layout_rooms, uniq_terence
D:3:      layout_basic, shapermc_ecumenical_altar_ellora, grunt_ministairs_5,
          minivault_24, uniq_jessica
D:4:      cheibrodos_helix_gallery, layout_basic, minmay_temple_entry_grid

Skill      XL: |  1  2  3  4  5  6 |
---------------+-------------------+-----
Stealth        | 6 7 |  7.7
Dodging        | 2 3 4 |  4.4
Fighting       | 2 3 |  3.1
Shapeshifting  | 1 |  1.7
Unarmed Combat | 1 |  1.1
Short Blades   | |  2.1
Throwing       | |  2.0

Action                     |  1- 3 |  4- 6 || total
---------------------------+-------+-------++-------
  Melee: Dagger            |   103 |   209 ||   312
Ability: Begin Untransform |       |     1 ||     1
    Use: Potion            |     2 |       ||     2
         Scroll            |     1 |     4 ||     5
   Stab: Sleeping          |     9 |    16 ||    25
 Armour: Robe              |    32 |    61 ||    93
  Dodge: Dodged            |    73 |   172 ||   245
   Form: Serpent           |       |     1 ||     1

Table legend: (Time is in decaauts)
 A = Elapsed time spent in this place.
 B = Non-inter-level travel time spent in this place.
 C = Inter-level travel time spent in this place.
 D = Time resting spent in this place.
 E = Time spent auto-exploring this place.
 F = Levels seen in this place.
 G = Mean time per level.
                   A        B        C        D        E       F      G
               +--------+--------+--------+--------+--------+-----+--------+
         Total |   2173 |   2035 |    138 |    211 |   1194 |   4 |  543.2 |
       Dungeon |   2173 |   2035 |    138 |    211 |   1194 |   4 |  543.2 |
               +--------+--------+--------+--------+--------+-----+--------+

Top non-repeatable levels by time:
     D:3: 720 daAuts
     D:1: 550 daAuts
     D:4: 471 daAuts
     D:2: 430 daAuts
